 Dungeon Sprint DCSS version 0.27.1-33-g824d729ab1 (webtiles) character file.

Game seed: 2642107514521000251

2293 manyhoops the Imperceptible (level 9, -1/57 HPs)
             Began as a Vampire Enchanter on Dec 8, 2021.
             Was a Believer of Dithmenos.
             Slain by a centaur warrior (4 damage)
             ... in the Dungeon (Sprint I: "Red Sonja").
             The game lasted 00:04:34 (541 turns).

manyhoops the Imperceptible (Vampire Enchanter)      Turns: 541, Time: 00:04:34

Health: -1/57      AC:  5    Str:  7    XL:     9   Next: 17%
Magic:  5/12       EV: 12    Int: 17    God:    Dithmenos [**....]
Gold:   268        SH:  0    Dex: 18    Spells: 6/12 levels left

rFire    . . .     SeeInvis +   a - +1 dagger
rCold    . . .     Faith    .   (no shield)
rNeg     . . .     Spirit   .   k - +3 robe of Clouds {+Thunder rCloud rElec}
rPois    .         Reflect  .   (no helmet)
rElec    +         Harm     .   (no cloak)
rCorr    .         Rampage  .   (no gloves)
Will     .....     NoTele   +   (no boots) Stlth **++++++++
                                (no amulet)
HPRegen  0.39/turn              (no ring)
MPRegen  0.13/turn              (no ring)

@: lethally poisoned (-1 -> -5), healing quickly, slowed, wreathed by umbra,
very slow
A: alive, fangs 3, see invisible, vampiric 2
a: Exsanguinate, Renounce Religion, Evoke Thunderclouds, Shadow Step


You were in the Dungeon.
You worshipped Dithmenos.
Dithmenos was pleased with you.
You visited 1 branch You collected 839 gold pieces.
You spent 571 gold pieces at shops.

Inventory:

Hand Weapons
 a - a +1 dagger (weapon)
Armour
 j - a +1 robe of fire resistance
 k - the +3 robe of Clouds (worn) {+Thunder rCloud rElec}
   (You bought it in a shop in the Dungeon)

   It can be evoked to surround the wearer with storm clouds, with success rate
   depending on Evocations skill.
   rElec:     It insulates you from electricity.
Jewellery
 d - a ring of flight
Scrolls
 g - 4 scrolls of identify
 h - 2 scrolls of blinking
 i - a scroll of immolation
Potions
 c - 3 potions of curing
 e - a potion of haste
 f - 2 potions of magic


   Skills:
 - Level 1.1 Short Blades
 - Level 2.1 Dodging
 + Level 25.2 Stealth
 - Level 2.0 Spellcasting
 - Level 12.9 Hexes


You had 6 spell levels left.
You knew the following spells:

 Your Spells              Type           Power      Damage    Failure   Level
a - Corona                Hex            50%        N/A       1%          1
b - Ensorcelled Hibernat  Hex/Ice        46%        N/A       1%          2
c - Confusing Touch       Hex            45%        N/A       1%          3

Your spell library contained the following spells:

 Spells                   Type           Power      Damage    Failure   Level
 Tukima's Dance           Hex            45%        N/A       1%          3
 Dazzling Flash           Conj/Hex       46%        N/A       4%          3
 Magic Dart               Conj           4%         1d3       19%         1
 Call Imp                 Summ           1%         N/A       28%         2
 Mephitic Cloud           Conj/Pois/Air  1%         N/A       50%         3


Dungeon Overview and Level Annotations

Branches:
Dungeon (1/1)

Altars:
Cheibriados
Dithmenos
Elyvilon
Fedhas
Gozag
Hepliaklqana
Kikubaaqudgha
Makhleb
Nemelex Xobeh
Okawaru
Qazlal
Ru
Sif Muna
Trog
Uskayaw
Vehumet
Wu Jian
Xom
Yredelemnul
Zin
The Shining One
Jiyva
Lugonu

Shops:
D (?[


Innate Abilities, Weirdness & Mutations

Your natural rate of healing is accelerated.
You have razor-sharp teeth.
You have supernaturally acute eyesight. (SInv)
You are afflicted with vampirism and can become a bat while bloodless.


Message History

Moving in this stuff is going to be slow.
Found 27 gold pieces.
The centaur warrior shouts!
The centaur warrior wields a +0 shortbow.
The centaur warrior shoots an arrow.
The arrow hits you!
The centaur warrior shouts!
You hear an angry buzzing noise.
Casting: Ensorcelled Hibernation (safe; 1% risk of failure)
Confirm with . or Enter, or press ? or * to list all spells.
Aiming: Ensorcelled Hibernation (safe; 1% risk of failure)
Press: ? - help, Shift-Dir - straight line, f - centaur warrior
Aim: a centaur warrior, quivering arrows (purple smoke, umbra, chance to affect: 35%)
The centaur warrior looks drowsy...
The centaur warrior unwields a +0 shortbow.
The centaur warrior hits you but does no damage.
The centaur warrior kicks you but does no damage.
The centaur warrior barely misses you.
The centaur warrior kicks you but does no damage.
A hornet comes into view.
The centaur warrior hits you.
The centaur warrior kicks you but does no damage.
The centaur warrior shouts!
You hit the centaur warrior.
The centaur warrior is lightly wounded.
The centaur warrior hits you but does no damage.
The centaur warrior completely misses you.
The centaur warrior hits you. The centaur warrior kicks you.
The hornet stings you!
You feel yourself slow down. The centaur warrior closely misses you.
The centaur warrior kicks you. The centaur warrior barely misses you.
The centaur warrior kicks you.
* * * LOW HITPOINT WARNING * * *
The hornet stings you!
* * * LOW HITPOINT WARNING * * *
You are lethally poisoned!
You feel as though you will be slow longer.
Okay, then.
The folds of your robe billow into a mighty storm.
* * * LOW HITPOINT WARNING * * *
You feel very sick. The centaur warrior closely misses you.
The centaur warrior kicks you.
You die...

#######################
#.)'..#.)'..#__#..+...#
'..#.)'..#..'..'..#...#
#####'#####'#__####...'ss#
####..#...#.####§.#####ss+
#__####..##[#≈§§§§#$$# ##
#_____##'#_.+§§§cy§..#
#_.∩...'..._#≈§§@c#$
#_..__##_.#'##§####
#_____###'#.#§§(.###
#########.####§###[##
.......'...'..[..'.∩#
++++####.).##########
###.### #.#'#.# #.....#


You could see 2 centaur warriors and a hornet.

Vanquished Creatures
  Sonja (D)
  A deep troll (D)
  2 kobold demonologists (D)
  A slime creature (D)
  A yak (D)
  Sigmund (D)
  A floating eye (D)
  An ogre (D)
  A jelly (D)
  Ijyb (D)
11 creatures vanquished.

Vanquished Creatures (others)
  2 ballistomycete spores (D)
2 creatures vanquished.

Grand Total: 13 creatures vanquished

Notes
Turn   | Place    | Note
-------+----------+-------------------------------------------
     0 | D        | manyhoops the Vampire Enchanter began the quest for the
                  | Orb.
     0 | D        | Reached XP level 1. HP: 13/13 MP: 3/3
     1 | D        | Noticed Ijyb
     9 | D        | Killed Ijyb
    10 | D        | Reached skill level 7 in Stealth
    10 | D        | Reached XP level 2. HP: 12/19 MP: 5/5
    42 | D        | Noticed an ogre
    45 | D        | Killed an ogre
    46 | D        | Reached skill level 10 in Stealth
    46 | D        | Reached skill level 10 in Hexes
    46 | D        | Gained mutation: You are afflicted with vampirism and can
                  | become a bat while bloodless. [Vampire growth]
    46 | D        | Reached XP level 3. HP: 24/24 MP: 6/6
    46 | D        | Reached XP level 4. HP: 30/30 MP: 7/7
    55 | D        | Noticed Sigmund
    58 | D        | Killed Sigmund
    59 | D        | Reached skill level 13 in Stealth
    59 | D        | Reached XP level 5. HP: 35/35 MP: 8/8
    63 | D        | Learned a level 2 spell: Ensorcelled Hibernation
    67 | D        | Learned a level 3 spell: Confusing Touch
    77 | D        | Found an ornate altar of the Wu Jian Council.
    77 | D        | Found a shimmering blue altar of Sif Muna.
    79 | D        | Found a radiant altar of Vehumet.
    80 | D        | Identified the +1 leather armour of Hubris {+Blink rCorr}
    84 | D        | Reached XP level 6. HP: 41/41 MP: 9/9
   104 | D        | Found Tipri's Magic Scroll Emporium.
   104 | D        | Found an ancient bone altar of Kikubaaqudgha.
   104 | D        | Found a hazy altar of Hepliaklqana.
   104 | D        | Found a hide-covered altar of Uskayaw.
   104 | D        | Found a basalt altar of Yredelemnul.
   104 | D        | Found an opulent altar of Gozag.
   104 | D        | Found a snail-covered altar of Cheibriados.
   104 | D        | Found a sacrificial altar of Ru.
   104 | D        | Found a shadowy altar of Dithmenos.
   104 | D        | Noticed a yak
   105 | D        | Found a stormy altar of Qazlal.
   105 | D        | Found a blossoming altar of Fedhas.
   105 | D        | Found a bloodstained altar of Trog.
   105 | D        | Found an iron altar of Okawaru.
   106 | D        | Killed a yak
   107 | D        | Reached skill level 16 in Stealth
   107 | D        | Found a sparkling altar of Nemelex Xobeh.
   111 | D        | Bought a scroll of identify for 20 gold pieces
   111 | D        | Bought a scroll of identify for 20 gold pieces
   111 | D        | Bought a scroll of blinking for 75 gold pieces
   111 | D        | Bought a scroll of blinking for 75 gold pieces
   111 | D        | Bought a scroll of identify for 20 gold pieces
   111 | D        | Bought a scroll of immolation for 35 gold pieces
   123 | D        | Became a worshipper of Dithmenos the Shadowed
   144 | D        | Found a burning altar of Makhleb.
   144 | D        | Found a viscous altar of Jiyva.
   144 | D        | Found a shimmering altar of Xom.
   144 | D        | Found a corrupted altar of Lugonu.
   144 | D        | Noticed a slime creature
   147 | D        | Killed a slime creature
   148 | D        | Reached skill level 18 in Stealth
   148 | D        | Reached XP level 7. HP: 46/46 MP: 10/10
   160 | D        | Noticed a kobold demonologist
   161 | D        | Noticed a kobold demonologist
   163 | D        | Noticed a smoke demon
   167 | D        | Reached skill level 19 in Stealth
   167 | D        | Noticed a hellwing
   264 | D        | Noticed a demonic crawler
   264 | D        | Noticed a demonic crawler
   264 | D        | Noticed a demonic crawler
   264 | D        | Noticed a demonic crawler
   284 | D        | Killed a kobold demonologist
   284 | D        | Reached * piety under Dithmenos
   285 | D        | Reached skill level 20 in Stealth
   287 | D        | Noticed a centaur warrior
   315 | D        | Noticed Sonja
   351 | D        | Killed a kobold demonologist
   352 | D        | Reached skill level 21 in Stealth
   352 | D        | Reached XP level 8. HP: 52/52 MP: 6/11
   358 | D        | Noticed a centaur warrior
   387 | D        | Noticed a deep troll
   389 | D        | Killed Sonja
   390 | D        | Reached skill level 23 in Stealth
   394 | D        | Killed a deep troll
   394 | D        | Reached ** piety under Dithmenos
   395 | D        | Reached skill level 25 in Stealth
   395 | D        | Reached XP level 9. HP: 50/57 MP: 12/12
   483 | D        | Found Edoistra's Weapon Boutique.
   511 | D        | Found Jickotz's Armour Emporium.
   516 | D        | Bought the +3 robe of Clouds {+Thunder rCloud rElec} for
                  | 326 gold pieces
   516 | D        | Found the +3 robe of Clouds {+Thunder rCloud rElec}
   541 | D        | Slain by a centaur warrior

Illustrated notes

Levels and vault maps discovered:
D:        dungeon_sprint_1 [red_sonja_temple_1, red_sonja_temple_small_1]

Skill      XL: |  1  2  3  4  5  6  7  8 |
---------------+-------------------------+-----
Stealth        | 7 10 13 18 21 25 | 25.2
Hexes          | 7 10 12 | 12.9
Short Blades   | |  1.1
Dodging        | |  2.1
Spellcasting   | |  2.0

Action                   |  1- 3 |  4- 6 |  7- 9 || total
-------------------------+-------+-------+-------++-------
Melee: Dagger            |     5 |     4 |     7 ||    16
       Bite              |     1 |       |       ||     1
 Cast: Ensorcelled Hiber |       |       |     7 ||     7
 Abil: Exsanguinate      |       |       |     1 ||     1
       Revivify          |       |       |     1 ||     1
       Evoke Thunderclou |       |       |     1 ||     1
  Use: Potion            |     2 |       |       ||     2
       Scroll            |       |       |     1 ||     1
 Stab: Sleeping          |     2 |     4 |     5 ||    11
Armor: Robe              |       |       |     5 ||     5
Dodge: Dodged            |     2 |       |     7 ||     9
